 Dungeon Crawl Stone Soup version 0.19-a0-1326-gee3fcf6 (webtiles) character file.

206 Cheibrodos the Cudgeler (level 5, -6/38 HPs)
             Began as a Mummy Warper on Aug 31, 2016.
             Was a Follower of Nemelex Xobeh.
             Shot with an arrow by a centaur (8 damage)
             ... on level 4 of the Dungeon.
             The game lasted 00:13:29 (3504 turns).

Cheibrodos the Cudgeler (Mummy Warper)              Turns: 3504, Time: 00:13:30

Health: -6/38      AC:  8    Str: 14    XL:     5   Next: 53%
Magic:  17/17      EV: 11    Int: 12    God:    Nemelex Xobeh [*.....]
Gold:   209        SH:  0    Dex: 13    Spells: 3 memorised, 3 levels left

rFire  x . .     SeeInvis .     a - +2 war axe (elec)
rCold  + . .     Gourm    .     g - +0 ring mail
rNeg   + + +     Faith    .     (no shield)
rPois  ∞         Spirit   .     d - +1 helmet
rElec  .         Dismiss  .     (no cloak)
rCorr  +         Reflect  .     w - +0 pair of gloves
MR     .....     Harm     .     (no boots)
Stlth  +.........               (no amulet)
                                W - ring of magical power
                                R - ring of resist corrosion

@: no status effects
A: no food or potions, fire vulnerability, cold resistance 1, negative energy
resistance 3, torment resistance, unbreathing
a: Renounce Religion


You were on level 4 of the Dungeon.
You worshipped Nemelex Xobeh.
Nemelex Xobeh was aware of your devotion.
You were not hungry.

You visited 1 branch of the dungeon, and saw 4 of its levels.

You collected 209 gold pieces.


Innate Abilities, Weirdness & Mutations

You do not eat or drink.
Your flesh is vulnerable to fire.
You are immune to poison.
Your flesh is cold resistant. (rC+)
You are immune to negative energy. (rN+++)
You are immune to unholy pain and torment.
You can survive without breathing.


   Skills:
 - Level 2.0 Fighting
 * Level 1.9(3.3) Axes
 - Level 4.2(4.5) Maces & Flails
 - Level 0.7 Throwing
 - Level 0.7 Armour
 - Level 1.5 Dodging
 - Level 2.0 Spellcasting
 - Level 2.4 Translocations


You had 3 spell levels left.
You knew the following spells:

 Your Spells              Type           Power        Failure   Level  Hunger
a - Apportation           Tloc           #.........   24%         1    N/A
b - Blink                 Tloc           N/A          38%         2    N/A
c - Shroud of Golubria    Chrm/Tloc      #.........   58%         2    N/A

Inventory:

Hand Weapons
 a - a +2 war axe of electrocution (weapon)
 q - a +0 blowgun {@w1}
 u - a +0 mace
Missiles
 e - 5 tomahawks of dispersal (quivered) {!f}
 f - 73 stones
 m - 5 steel javelins
 r - 4 poisoned needles
Armour
 d - a +1 helmet (worn)
 g - a +0 ring mail (worn)
 p - a +0 leather armour of cold resistance
 w - a +0 pair of gloves (worn)
Jewellery
 R - a ring of resist corrosion (left hand)
 W - a ring of magical power (right hand)
Scrolls
 h - a scroll of recharging
 j - 2 scrolls of remove curse {@r2}
 k - a scroll of blinking
 l - 2 scrolls of magic mapping
 n - a scroll of immolation {!r}
 s - 2 scrolls of teleportation {@r4}
 t - a scroll of fog
Books
 c - a book of Spatial Translocations

   Spells                             Type                      Level
   a - Apportation                    Translocation                1
   b - Blink                          Translocation                2
   c - Shroud of Golubria             Charms/Translocation         2
   d - Portal Projectile              Translocation                3
   e - Teleport Other                 Translocation                3
   f - Passage of Golubria            Translocation                4
 v - a book of Power

   Spells                             Type                      Level
   a - Fulminant Prism                Conjuration/Hexes            4
   b - Iskenderun's Mystic Blast      Conjuration                  4
   c - Venom Bolt                     Conjuration/Poison           5
   d - Bolt of Magma                  Conjuration/Fire/Earth       5
   e - Iron Shot                      Conjuration/Earth            6
   f - Orb of Destruction             Conjuration                  7
   g - Spellforged Servitor           Conjuration/Summoning        7
Miscellaneous
 i - a plain deck of summoning {drawn:

5} ##########'###..#....#
#.....###'#....#
#.....'...#....#
#.....#...#....#
#.....#####....#
######################........#
...........##..#..........#####
.......#.......#...[......#
.......#.......'@.........#
.......#..######..........#
####'######......@....##### ...
#......(....# .....
#...........# ......+
#....(......# #...$..#
#...........# #..##.##
#...c.......# #+# .#
##....#######


You could see a centaur and the friendly Cheibrodos's illusion.


Message History

You see here a pair of gloves.
w - a pair of gloves Wear which item? (? for menu, Esc to quit)
You start putting on your armour.
You continue putting on your pair of gloves. x4
You finish putting on your +0 pair of gloves.
Unknown command.
Unknown command.
Drop what? 25/52 slots (_ for help) (? for menu, Esc to quit)
You drop a +0 leather armour.
You drop a +0 chain mail.
A centaur comes into view.
The centaur shouts!
The centaur wields a shortbow.
The centaur shoots an arrow.
The arrow hits you!
Unknown command.
Evoke which item? (* to show all) (? for menu, Esc to quit)
You draw a card...
It is the Illusion.
Suddenly you stand beside yourself.
The centaur shoots an arrow.
The arrow hits you!
Unknown command.
Unknown command.
You swap places.
The centaur shoots an arrow.
The arrow hits you!
* * * LOW HITPOINT WARNING * * *
You see here an arrow.
Unknown command.
Unknown command.
Unknown command.
Unknown command.
The centaur shoots an arrow.
The arrow hits you!
You die...
Your body disappears without a glow.

Action                   |  1- 3 |  4- 6 || total
-------------------------+-------+-------++-------
Melee: Mace              |   141 |    66 ||   207
       War axe           |       |    55 ||    55
 Fire: Blowgun           |     4 |     4 ||     8
 Cast: Shroud of Golubri |     2 |       ||     2
Evoke: Deck              |       |     5 ||     5
  Use: Scroll            |     6 |     7 ||    13
Armor: Ring mail         |    47 |    56 ||   103
       Leather armour    |    12 |       ||    12
Dodge: Dodged            |    88 |    90 ||   178

Vault maps used:
D:1:      dpeg_arrival_ratfight, nemelex_xobeh_ov_fountains_minmay
D:3:      uniq_natasha, uniq_robin
D:4:      kennysheep_the_goblin_king

Notes
Turn   | Place    | Note
-------+----------+-------------------------------------------
     0 | D:1      | Cheibrodos the Mummy Warper began the quest for the Orb.
     0 | D:1      | Reached XP level 1. HP: 16/16 MP: 3/3
   144 | D:1      | Reached skill level 2 in Maces & Flails
   165 | D:1      | Reached XP level 2. HP: 5/22 MP: 5/5
   289 | D:1      | Learned a level 2 spell: Blink
   292 | D:1      | Learned a level 2 spell: Shroud of Golubria
   514 | D:1      | Found a sparkling altar of Nemelex Xobeh.
   526 | D:1      | Became a worshipper of Nemelex Xobeh the Trickster
   551 | D:1      | Received a gift from Nemelex Xobeh
   881 | D:1      | Reached XP level 3. HP: 26/27 MP: 6/6
   968 | D:2      | Reached skill level 3 in Maces & Flails
  1152 | D:2      | Reached * piety under Nemelex Xobeh
  1763 | D:3      | Reached XP level 4. HP: 33/33 MP: 7/7
  1866 | D:3      | Noticed Robin
  2140 | D:2      | Noticed a vampire mosquito
  2567 | D:3      | Killed Robin
  2761 | D:3      | Noticed Natasha
  2764 | D:3      | Killed Natasha
  2764 | D:3      | Reached skill level 4 in Maces & Flails
  2776 | D:3      | Noticed Natasha
  2781 | D:3      | Killed Natasha
  2951 | D:3      | Reached XP level 5. HP: 38/38 MP: 8/8
  3056 | D:3      | Reached skill level 1 in Axes
  3498 | D:4      | Noticed a centaur
  3501 | D:4      | HP: 2/38 [centaur/arrow (12)]
  3504 | D:4      | Shot with an arrow by a centaur

Vanquished Creatures
  7 adders
  An ooze (D:3)
  An adder skeleton (D:4)
  3 dart slugs
  3 worms (D:3)
  3 giant geckos
  3 orcs (D:2)
  2 ball pythons
  2 giant cockroaches
  13 goblins
  10 hobgoblins
  2 jackals (D:1)
  7 kobolds
  2 quokkas (D:2)
  4 bats
  2 giant newts
  A jackal skeleton (D:4)
  9 rats
75 creatures vanquished.

Vanquished Creatures (collateral kills)
  Natasha (twice) (D:3)
  Robin (D:3)
  An ooze (D:3)
  2 worms (D:3)
  3 goblins
  A hobgoblin (D:3)
  A rat (D:3)
11 creatures vanquished.

Grand Total: 86 creatures vanquished
